 Dungeon Crawl Stone Soup version 0.17-a0-1945-gfe993df (webtiles) character file.

88 Ordine the Magician (level 4, -1/24 HPs)
             Began as a Gargoyle Wizard on Oct 1, 2015.
             Killed from afar by an orc wizard (6 damage)
             ... with a magic dart
             ... on level 3 of the Dungeon.
             The game lasted 00:10:25 (1842 turns).

Ordine the Magician (Gargoyle Wizard)               Turns: 1842, Time: 00:10:25

Health: -1/24      AC:  6    Str: 11    XL:     4   Next: 54%
Magic:  2/9        EV: 11    Int: 19    God:
Gold:   112        SH:  0    Dex:  8    Spells: 2 memorised, 6 levels left

rFire  . . .     SeeInvis .     e - +0 whip
rCold  . . .     Clarity  +     a - +1 robe
rNeg   + . .     SustAt   .     (no shield)
rPois  ∞         Gourm    .     b - +0 hat
rElec  +         Spirit   .     (no cloak)
rCorr  .         Warding  .     (no gloves)
rMut   .         Stasis   .     (no boots)
MR     .....                    p - amulet of clarity
Stlth  ++........               (no ring)
                                (no ring)

@: not resistant to hostile enchantments, unstealthy
A: negative energy resistance 1, electricity resistance, unbreathing,
petrification resistance, rot immunity, AC +3
a: no special abilities


You were on level 3 of the Dungeon.
You were not hungry.

You visited 1 branch of the dungeon, and saw 3 of its levels.

You collected 112 gold pieces.

Inventory:

Hand weapons
 e - a +0 whip (weapon)
Armour
 a - a +1 robe (worn)
 b - a +0 hat (worn)
Jewellery
 l - an uncursed amulet of rage
 m - a +3 ring of intelligence
 p - an amulet of clarity (around neck)
Scrolls
 g - 2 scrolls of fog
Potions
 j - a potion of agility
 k - a potion of haste
Books
 c - a book of Minor Magic

   Spells                             Type                      Level
   a - Magic Dart                     Conjuration                  1
   b - Blink                          Translocation                2
   c - Call Imp                       Summoning                    2
   d - Repel Missiles                 Charms/Air                   2
   e - Slow                           Hexes                        2
   f - Conjure Flame                  Conjuration/Fire             3
   g - Mephitic Cloud                 Conjuration/Poison/Air       3
Comestibles
 d - 2 bread rations
 f - 5 fruits
 i - a royal jelly
 n - a meat ration
 o - 6 chunks of flesh


   Skills:
 - Level 1.5 Dodging
 - Level 2.1 Stealth
 + Level 3.8 Spellcasting
 * Level 3.5 Conjurations
   Level 0.8 Summonings
   Level 0.8 Translocations


You had 6 spell levels left.
You knew the following spells:

 Your Spells              Type           Power        Failure   Level  Hunger
a - Magic Dart            Conj           ###.         3%          1    None
b - Mephitic Cloud        Conj/Pois/Air  #.......     28%         3    ###....


Dungeon Overview and Level Annotations

Branches:
Dungeon (3/15)

Altars:


Innate Abilities, Weirdness & Mutations

You are resistant to torment.
Your stone body is resilient (AC +3).
You are immune to poison.
You resist negative energy.
You are resistant to electric shocks.
You can survive without breathing.
You are immune to petrification.
You are immune to rotting.


Message History

You don't have enough magic to cast that spell.
You barely miss something. Something hits you.
* * * LOW HITPOINT WARNING * * *
You hit something. Something hits you but does no damage.
Something hits you but does no damage.
You hit something. Something hits you but does no damage.
Casting: Magic Dart
Confirm with . or Enter, or press ? or * to list all spells.
You don't have enough magic to cast that spell.
Casting: Magic Dart
Confirm with . or Enter, or press ? or * to list all spells.
You can't see any susceptible monsters within range! (Use Z to cast anyway.)
You hit something but do no damage. Something hits you.
* * * LOW HITPOINT WARNING * * *
You see here an adder corpse.
You hit something but do no damage.
You hear some strange, mumbled words.
A magic dart appears from out of thin air!
The magic dart hits you!
You die...

######## #
.r%....#######..###
#....>@......#
#.#####....... #.#
.#.#..#.. # #{# ...#
.# #. #.###.### # ..
#[#...##
#.#.#o####......#
....r.o÷........#
#.###.####......##..


There were no monsters in sight!

Vanquished Creatures
  2 adders
  An ooze (D:2)
  A worm (D:2)
  3 giant geckos
  4 orcs (D:3)
  3 giant cockroaches
  5 goblins
  7 hobgoblins
  9 kobolds
  A quokka (D:2)
  3 ball pythons
  9 bats
  A giant newt (D:2)
  7 rats
56 creatures vanquished.

Notes
Turn   | Place    | Note
--------------------------------------------------------------
     0 | D:1      | Ordine the Gargoyle Wizard began the quest for the Orb.
     0 | D:1      | Reached XP level 1. HP: 10/10 MP: 4/4
   115 | D:1      | Reached XP level 2. HP: 15/15 MP: 0/6
   467 | D:1      | Reached XP level 3. HP: 17/19 MP: 0/7
  1423 | D:2      | Reached XP level 4. HP: 24/24 MP: 5/9
  1794 | D:3      | Learned a level 3 spell: Mephitic Cloud
  1842 | D:3      | Killed from afar by an orc wizard

Vault maps used:
D:1:      minmay_arrival_arboretum_small
D:2:      tgw_xom
D:3:      first_bread

Action                   |  1- 3 |  4- 6 || total
-------------------------+-------+-------++-------
Melee: Whip              |    47 |    49 ||    96
 Cast: Magic Dart        |    87 |    32 ||   119
  Use: Scroll            |     9 |       ||     9
       Potion            |       |     1 ||     1
  Eat: Chunk             |     1 |     2 ||     3
